 Dungeon Crawl Stone Soup version 0.31-a0-152-g6aa68a64a1 (webtiles) character file.

Game seed: 8533217363871796438

93 qw the Shooter (level 4, -3/38 HPs)
             Began as a Minotaur Hunter on June 9, 2023.
             Slain by a gnoll
             ... wielding a +0 club
              (6 damage)
             ... on level 3 of the Dungeon.
             The game lasted 00:00:47 (1655 turns).

qw the Shooter (Minotaur Hunter)                    Turns: 1655, Time: 00:00:48

Health: -3/38      AC:  3    Str: 15    XL:     4   Next: 36%
Magic:  3/3        EV: 12    Int:  6    God:
Gold:   65         SH:  0    Dex: 16    Spells: 3/3 levels left

rFire   . . .        Y - +0 shortbow
rCold   + . .        (shield currently unavailable)
rNeg    . . .        c - +0 leather armour
rPois   .            (helmet restricted)
rElec   .            (no cloak)
rCorr   .            (no gloves)
SInv    .            (no boots)
Will    +....        k - amulet of faith
Stlth   +            e - ring of willpower
HPRegen 0.26/turn    l - ring of protection from cold
MPRegen 0.08/turn

%: faith
@: about to teleport
A: horns 2, retaliatory headbutt
a: no special abilities


You were on level 3 of the Dungeon.
You visited 1 branch of the dungeon, and saw 3 of its levels.

You collected 65 gold pieces.


Innate Abilities, Weirdness & Mutations

You have a pair of horns on your head.
You reflexively headbutt those who attack you in melee.


   Skills:
 + Level 3.5 Fighting
 - Level 6.0 Ranged Weapons
 - Level 2.1 Dodging
 - Level 0.7 Stealth


You had 3 spell levels left.
You didn't know any spells.
Your spell library was empty.

Inventory:

Hand Weapons
 Y - a +0 shortbow (weapon)
Armour
 c - a +0 leather armour (worn)
Jewellery
 e - a ring of willpower (left hand)
 k - an amulet of faith (around neck)
 l - a ring of protection from cold (right hand)
Scrolls
 g - a scroll of identify
Potions
 f - a potion of haste
 j - a potion of might

Dungeon Overview and Level Annotations

Branches:
Dungeon (3/15)

Altars:
Vehumet

Shops:
D:1 (?


Message History

The arrow closely misses the ball python. 4 gnolls come into view.
Found a book of Frost and a scroll of identify.
The gnoll shouts! x2; You hear a shout!
You shoot an arrow. The arrow hits the gnoll.
The gnoll is lightly wounded.
You shoot an arrow. The arrow hits the gnoll.
The gnoll is heavily wounded.
You shoot an arrow. The arrow hits the ball python.
The ball python is severely wounded.
The ball python bites you. The ball python barely misses you.
You shoot an arrow.
The arrow closely misses the ball python.
The arrow hits the gnoll.
The gnoll is moderately wounded.
The ball python bites you but does no damage.
The ball python grabs you. The ball python constricts you.
You shoot an arrow.
The arrow hits the ball python but does no damage.
The ball python is severely wounded.
The ball python bites you. The ball python constricts you.
The ball python bites you. The ball python constricts you.
You shoot an arrow. The arrow hits the ball python!
You kill the ball python!
You shoot an arrow. The arrow hits the gnoll.
The gnoll is lightly wounded.
You shoot an arrow. The arrow barely misses the gnoll.
The gnoll hits you with a +0 flail!
You shoot an arrow. The arrow hits the gnoll.
The gnoll is moderately wounded.
The gnoll hits you with a +0 flail!
You shoot an arrow.
The arrow hits the gnoll but does no damage.
The gnoll is moderately wounded.
The gnoll hits you with a +0 flail! The gnoll hits you with a +0 club.
1655 ||| READING scroll of teleportation.
As you read the scroll of teleportation, it crumbles to dust.
You feel strangely unstable. The gnoll hits you with a +0 flail.
The gnoll hits you with a +0 club.
You die...

..... .... ... :.<
#### #.#
...#######.#
#......##.#
.###........@#
..........##ggg.....
..#......<#.#......
#.#.......#.#......
#.#......##.# .....
#.#..######.# .....
..####.#..## #.#
.... ...........#
#.. ...?
..####.###.#


You could see 3 gnolls.

Vanquished Creatures
  3 adders (D:2)
  A worm (D:2)
  A dart slug (D:3)
  6 ball pythons
  6 endoplasms
  4 giant cockroaches
  6 goblins
  6 hobgoblins
  2 jackals (D:1)
  4 kobolds
  3 quokkas
  6 bats
  3 frilled lizards
  4 rats
55 creatures vanquished.

Notes
Turn   | Place    | Note
-------+----------+-------------------------------------------
     0 | D:1      | qw the Minotaur Hunter began the quest for the Orb.
     0 | D:1      | Reached XP level 1. HP: 18/18 MP: 0/0
     0 | D:1      | 0 ||| qw: Version: 0.2-a-122-gbc61b45
     0 | D:1      | 0 ||| qw: Game counter: 3315
     0 | D:1      | 0 ||| qw: Always use a shield: true
     0 | D:1      | 0 ||| qw: God list: Okawaru
     0 | D:1      | 0 ||| qw: Allow faded altars: false
     0 | D:1      | 0 ||| qw: Do Orc after D:15 true
     0 | D:1      | 0 ||| qw: Do second Lair branch before Depths: true
     0 | D:1      | 0 ||| qw: Lair rune preference: random
     0 | D:1      | 0 ||| qw: Plans: Normal
     0 | D:1      | 0 ||| PLANNING D:1-11
    75 | D:1      | Found Tycudghi's Magic Scroll Boutique.
    91 | D:1      | 91 ||| SHOPLISTING scroll of enchant weapon (97 gold, have
                  | 0).
    91 | D:1      | 91 ||| SHOPLISTING scroll of identify (26 gold, have 0).
   188 | D:1      | Reached XP level 2. HP: 25/25 MP: 1/1
   209 | D:1      | Reached skill level 5 in Ranged Weapons
   254 | D:1      | Found Zanukk's Antique Weapon Boutique.
   299 | D:1      | Reached skill level 3 in Fighting
   502 | D:1      | Reached XP level 3. HP: 31/31 MP: 2/2
   690 | D:1      | Found a faded altar of an unknown god.
   766 | D:1      | 766 ||| UPGRADING to amulet of faith.
   771 | D:1      | 771 ||| UPGRADING to ring of willpower.
   772 | D:1      | 772 ||| UPGRADING to ring of protection from cold.
   773 | D:1      | 773 ||| READING scroll labelled CIWU RYTOHIUDGH.
   774 | D:1      | 774 ||| READING scroll labelled VIW RIYM USUC.
   778 | D:1      | 778 ||| READING 3 scrolls labelled ZOUGIKKORAS.
   779 | D:1      | 779 ||| READING 2 scrolls labelled ZARAKO JODUGO.
   780 | D:1      | 780 ||| READING 2 scrolls of identify.
   780 | D:1      | 780 ||| IDENTIFYING emerald potion
   781 | D:1      | 781 ||| DROPPING scroll of butterflies.
   782 | D:1      | 782 ||| DROPPING scroll of poison.
   783 | D:1      | 783 ||| DROPPING potion of degeneration.
   785 | D:1      | 785 ||| Stepping ~*~*~tactically~*~*~ (cloud).
  1146 | D:2      | Reached skill level 6 in Ranged Weapons
  1146 | D:2      | Reached XP level 4. HP: 36/38 MP: 3/3
  1511 | D:2      | Found a radiant altar of Vehumet.
  1515 | D:2      | 1515 ||| READING scroll labelled SYLLOALAUC.
  1516 | D:2      | 1516 ||| DRINKING 2 fizzy amethyst potions.
  1517 | D:2      | 1517 ||| DRINKING 2 metallic pink potions.
  1518 | D:2      | 1518 ||| READING 2 scrolls of identify.
  1518 | D:2      | 1518 ||| IDENTIFYING purple potion
  1519 | D:2      | 1519 ||| DROPPING potion of enlightenment.
  1654 | D:3      | HP: 9/38 [gnoll/+0 flail (7)]
  1655 | D:3      | 1655 ||| READING scroll of teleportation.
  1655 | D:3      | HP: 3/38 [gnoll/+0 flail (3)]
  1655 | D:3      | Slain by a gnoll

Levels and vault maps discovered:
D:1:      spicycebolla_arrival_xxxplode, layout_basic, serial_shops,
          nicolae_shop_advertising_works [nicolae_subvault_shop_adworks],
          nicolae_shop_hallway_stairs, chequers_ecumenical_altar_twisty,
          st_stairs_2
D:2:      layout_loops_ring, basic_altar
D:3:      layout_basic, mainiacjoe_overflow_chevrons,
          gammafunk_ghost_abyssal_escape

Skill      XL: |  1  2  3 |
---------------+----------+-----
Ranged Weapons | 5 6 |  6.0
Fighting       | 3 |  3.5
Dodging        | |  2.1
Stealth        | |  0.7

Action                     |  1- 3 |  4- 6 || total
---------------------------+-------+-------++-------
   Fire: Shortbow          |   138 |    39 ||   177
    Use: Scroll            |     5 |     3 ||     8
         Potion            |       |     2 ||     2
 Armour: Leather armour    |     8 |     7 ||    15
  Dodge: Dodged            |    25 |    13 ||    38

Table legend:
 A = Non-vault XP
 B = Vault XP
 C = Vault XP percentage of total XP
 D = Non-vault monster count
 E = Vault monster count
 F = Vault count percentage of total count
                 A         B        C        D         E       F
            +---------+---------+-------+---------+---------+-------
      Total |     131 |       2 |   1.5 |      54 |       1 |   1.8
            +---------+---------+-------+---------+---------+-------
        D:1 |      52 |       2 |   3.7 |      29 |       1 |   3.3
        D:2 |      73 |       0 |   0.0 |      23 |       0 |   0.0
        D:3 |       6 |       0 |   0.0 |       2 |       0 |   0.0
            +---------+---------+-------+---------+---------+-------
